[Event "Titled Tuesday Blitz June 13 Early 2023"]
[White "Moral Garcia, Serafin"]
[Black "Jaskolka, Tomasz"]
[WhiteFideId "2201925"]
[BlackFideId "1170791"]
[WhiteElo "2274"]
[BlackElo "2155"]
[Result "1-0"]
[Round "9"]
[TimeControl "180+2"]
[Date "2023.06.13"]
[WhiteClock "0:00:15"]
[BlackClock "0:00:12"]
[Board "71"]

1. c4 c6 2. e4 d5 3. exd5 cxd5 4. d4 Nf6 5. Nc3 Nc6 6. Bg5 e6 7. Nf3 Be7 8. c5 O-O 9. Bb5 Bd7 10. O-O Ne4 11. Bxe7 Nxe7 12. Bd3 Nxc3 13. bxc3 Ng6 14. Rb1 b6 15. cxb6 axb6 16. Qb3 Qc7 17. Bxg6 hxg6 18. Ne5 Rfb8 19. Rfc1 Be8 20. Rb2 Ra6 21. g3 Rba8 22. Nd3 Qc4 23. Qxc4 dxc4 24. Nb4 Ra3 25. Kf1 Bd7 26. Ke2 Kf8 27. Kd2 Ke7 28. Re1 Kd6 29. h4 Bc6 30. Re5 R8a5 31. Rxa5 Rxa5 32. Nc2 Kc7 33. Ne3 b5 34. Nc2 Ra8 35. Nb4 Rh8 36. Rb1 Rh5 37. Re1 Bd7 38. Re5 Rh8 39. f4 Kd6 40. Rc5 f6 41. Ke3 Re8 42. h5 gxh5 43. Rxh5 Rg8 44. Ke4 g6 45. Rh7 g5 46. Rh6 gxf4 47. gxf4 f5+ 48. Kf3 Ra8 49. Ke3 Rg8 50. Rh3 Rg2 51. a3 Rb2 52. Rh8 Rb3 53. Kd2 Rxa3 54. Rf8 Ra1 55. Rb8 Rf1 56. Ke3 Rc1 57. Kd2 Rf1 58. Ke3 Rh1 59. Rb6+ Kc7 60. Ra6 Rh3+ 61. Kd2 Rf3 62. d5 Rf2+ 63. Ke3 Rf1 64. dxe6 Bxe6 65. Kd4 Rd1+ 66. Kc5 Bd7 67. Nd5+ Kb7 68. Rd6 Bc8 69. Kxb5 Rb1+ 70. Kxc4 Rf1 71. Rf6 Bd7 72. Kd4 Bc6 73. Nb4 Rd1+ 74. Kc5 Be4 75. Rf7+ Kc8 76. c4 Kd8 77. Nd5 Rf1 78. Kd6 Ke8 79. Re7+ Kd8 80. Re5 Bxd5 81. Rxd5 Ke8 82. Ke5 Re1+ 83. Kxf5 Rc1 84. c5 Ke7 85. Re5+ Kd7 86. Kf6 Rc4 87. f5 Rf4 88. Kg6 Rg4+ 89. Kf7 Rf4 90. f6 Rf1 91. Kg7 Rg1+ 92. Kf8 Rf1 93. f7 Rf2 94. Rg5 Ke6 95. Rg6+ Kd7 96. c6+ Kc7 97. Kg7 Rh2 98. f8=Q Rh7+ 99. Kxh7 Kb6 100. Qc8 Ka7 101. Rg7+ Kb6 102. Rb7+ Kc5 103. c7 Kd6 104. Qd8+ Ke5 105. Rb5+ Kf4 106. Qd4+ Kg3 107. Rb3+ Kh2 108. Qd2+ Kh1 109. Rb1# 1-0


[Site "https://www.chess.com"]

[Event "Titled Tuesday Blitz June 13 Early 2023"]
[White "UNSTOPPABLE_LEGEND"]
[Black "Pastar, Slaven"]
[BlackFideId "14402718"]
[WhiteElo "2472"]
[BlackElo "2219"]
[Result "0-1"]
[Round "9"]
[TimeControl "180+2"]
[Date "2023.06.13"]
[WhiteClock "0:00:24"]
[BlackClock "0:00:30"]
[Board "72"]

1. d4 b6 2. e4 Bb7 3. Bd3 Nf6 4. Qe2 e6 5. Nf3 d5 6. e5 Ne4 7. O-O Be7 8. Nbd2 Nxd2 9. Qxd2 c5 10. c3 a5 11. Qf4 Ba6 12. Bxa6 Rxa6 13. Qg4 g6 14. Bh6 Bf8 15. Be3 h5 16. Qh3 Be7 17. Rfd1 c4 18. b3 b5 19. a4 cxb3 20. axb5 Rb6 21. Rxa5 Rb7 22. Ra8 Rxb5 23. c4 dxc4 24. d5 b2 25. Rb1 Qxd5 26. Ra7 c3 27. Ne1 Qe4 28. Rxe7+ Kxe7 29. Bg5+ Kd7 30. Qxc3 Qxb1 31. Qd4+ Rd5 32. Qa7+ Kc8 33. Bd2 Qxe1+ 34. Bxe1 b1=Q 35. Kf1 Rhd8 36. g4 Rd1 37. Qc5+ Kb7 38. Qe7+ R8d7 0-1


[Site "https://www.chess.com"]

[Event "Titled Tuesday Blitz June 13 Early 2023"]
[White "The_Sherman_Variation"]
[Black "Becerra, Juan David"]
[BlackFideId "4404998"]
[WhiteElo "2461"]
[BlackElo "2304"]
[Result "1/2-1/2"]
[Round "9"]
[TimeControl "180+2"]
[Date "2023.06.13"]
[WhiteClock "0:00:02"]
[BlackClock "0:00:07"]
[Board "73"]

1. Nf3 d5 2. d4 Nf6 3. Bf4 c5 4. e3 Nc6 5. Nbd2 Bg4 6. Be2 e6 7. O-O Be7 8. h3 Bh5 9. c3 O-O 10. Ne5 Bxe2 11. Qxe2 Rc8 12. g4 Nxe5 13. Bxe5 Nd7 14. Bg3 Qb6 15. Nf3 f5 16. Kg2 Bd6 17. Ne5 Bxe5 18. dxe5 c4 19. f4 Nc5 20. Rad1 Ne4 21. Bh4 Qc5 22. Kh2 b5 23. Rg1 Rc7 24. Rg2 a5 25. Rdg1 b4 26. gxf5 Rxf5 27. Bd8 Rd7 28. cxb4 axb4 29. Qg4 Qf8 30. Bb6 c3 31. bxc3 bxc3 32. Bd4 g6 33. Qd1 Kf7 34. Qa4 Qc8 35. Rc1 Rc7 36. Rgc2 g5 37. Rg2 h6 38. fxg5 Nxg5 39. Qb3 Nf3+ 40. Kh1 Rb7 41. Qxc3 Qxc3 42. Bxc3 Nxe5 43. Rgc2 Nc4 44. Bd4 Rb8 45. Rg1 Rg8 46. Rxg8 Kxg8 47. Rg2+ Kf8 48. Bg7+ Kf7 49. Bxh6 Rf1+ 50. Kh2 Ra1 51. Bf4 e5 52. Bg5 Ke6 53. h4 e4 54. Kg3 Ne5 55. h5 Rf1 56. Bf4 Nd3 57. h6 Rf3+ 58. Kh4 Nxf4 59. exf4 Rxf4+ 60. Kg5 Rf3 61. h7 Rh3 62. Kg6 e3 63. a4 d4 64. a5 d3 65. a6 e2 66. a7 e1=Q 67. a8=Q Rg3+ 68. Rxg3 Qxg3+ 69. Kh6 Qh4+ 70. Kg7 Qf6+ 71. Kg8 Qf7+ 72. Kh8 Kf6 73. Qf3+ Ke7 74. Qe4+ Kf8 75. Qb4+ Ke8 76. Qb8+ Ke7 77. Qb7+ Kf6 78. Qf3+ Kg6 79. Qxd3+ Kh6 80. Qh3+ Kg6 81. Qg4+ Kf6 82. Qg8 Ke6 83. Qg7 Ke7 84. Qe5+ Kf8 85. Qb8+ Ke7 86. Qc7+ Kf6 87. Qd6+ Kg5 88. Qd8+ Kg6 89. Qg8+ Kf6 90. Qxf7+ Kxf7 1/2-1/2


[Site "https://www.chess.com"]

[Event "Titled Tuesday Blitz June 13 Early 2023"]
[White "DanyKopy"]
[Black "Camilla_Lee"]
[WhiteElo "2448"]
[BlackElo "2591"]
[Result "1-0"]
[Round "9"]
[TimeControl "180+2"]
[Date "2023.06.13"]
[WhiteClock "0:01:09"]
[BlackClock "0:00:32"]
[Board "74"]

1. e4 e5 2. Nf3 Nc6 3. Nc3 Nf6 4. d4 exd4 5. Nxd4 Bb4 6. Nxc6 bxc6 7. Bd3 d5 8. exd5 Qe7+ 9. Be2 cxd5 10. O-O Bxc3 11. bxc3 O-O 12. a4 Re8 13. Bd3 Bg4 14. f3 Qc5+ 15. Kh1 Bh5 16. Qd2 Bg6 17. Ba3 Qe3 18. Qxe3 Rxe3 19. Rfe1 Re6 20. Rxe6 fxe6 21. Bxg6 hxg6 22. Rb1 Ne8 23. Rb7 a6 24. Kg1 Kf7 25. f4 g5 26. fxg5 Kg6 27. h4 Kf5 28. Kf2 Ke4 29. Rb4+ Kf5 30. g4+ Ke5 31. Bc1 d4 32. Rxd4 Nd6 33. Bf4# 1-0


[Site "https://www.chess.com"]

[Event "Titled Tuesday Blitz June 13 Early 2023"]
[White "Thecourseoisildur"]
[Black "Rios Escobar, Adan"]
[BlackFideId "3403645"]
[WhiteElo "2590"]
[BlackElo "2466"]
[Result "1-0"]
[Round "9"]
[TimeControl "180+2"]
[Date "2023.06.13"]
[WhiteClock "0:01:22"]
[BlackClock "0:01:40"]
[Board "75"]

1. e4 c5 2. Nf3 d6 3. d4 cxd4 4. Nxd4 Nf6 5. Nc3 a6 6. Be2 e5 7. Nb3 Be6 8. O-O Nbd7 9. Qd3 Rc8 10. Bd2 Be7 11. Nd5 Bxd5 12. exd5 e4 13. Qe3 Ne5 14. Nd4 O-O 15. Nf5 Rxc2 16. Bc3 Ng6 17. Bd1 Rxc3 18. Qxc3 Nxd5 19. Qxg7# 1-0


[Site "https://www.chess.com"]

[Event "Titled Tuesday Blitz June 13 Early 2023"]
[White "Chos, Alexey"]
[Black "Garcia Cuenca, Victor"]
[WhiteFideId "14117762"]
[BlackFideId "2250829"]
[WhiteElo "2234"]
[BlackElo "2329"]
[Result "0-1"]
[Round "9"]
[TimeControl "180+2"]
[Date "2023.06.13"]
[WhiteClock "0:00:00"]
[BlackClock "0:00:08"]
[Board "76"]

1. d4 Nf6 2. Nf3 c5 3. e3 b6 4. c4 Bb7 5. d5 e6 6. Nc3 exd5 7. cxd5 a6 8. e4 d6 9. a4 Be7 10. Bd3 O-O 11. O-O Nbd7 12. h3 Re8 13. Bf4 Bf8 14. Nd2 Ne5 15. Be2 Rc8 16. Bh2 g5 17. f4 gxf4 18. Bxf4 Ng6 19. Bg5 Be7 20. Nc4 b5 21. axb5 axb5 22. Na5 Ba6 23. Nc6 Rxc6 24. dxc6 b4 25. Bxa6 bxc3 26. bxc3 Nxe4 27. Bxe7 Qxe7 28. Bc4 Ne5 29. Bd3 Nxc6 30. Qh5 Qe6 31. Bxe4 Qxe4 32. Qxf7+ Kh8 33. Qf6+ Kg8 34. Rae1 Qxe1 35. Rxe1 Rxe1+ 36. Kh2 Re8 37. Qxd6 Ne5 38. Qxc5 Kf7 39. Qd5+ Kf6 40. c4 Re6 41. c5 h6 42. Kg3 Rc6 43. Kf4 Re6 44. g4 Ng6+ 45. Kg3 Ne5 46. h4 Ng6 47. g5+ hxg5 48. hxg5+ Kf7 49. c6 Ne7 50. Qf3+ Ke8 51. c7 Kd7 52. Qb7 Nc8 53. Kf4 Rc6 54. Kf5 Nd6+ 0-1


[Site "https://www.chess.com"]

[Event "Titled Tuesday Blitz June 13 Early 2023"]
[White "Vyatkin, Dmitry"]
[Black "Itkis, Boris"]
[WhiteFideId "4171900"]
[BlackFideId "1209167"]
[WhiteElo "2279"]
[BlackElo "2219"]
[Result "1-0"]
[Round "9"]
[TimeControl "180+2"]
[Date "2023.06.13"]
[WhiteClock "0:00:43"]
[BlackClock "0:00:59"]
[Board "77"]

1. d4 d5 2. c4 e6 3. Nf3 Nf6 4. g3 Bb4+ 5. Bd2 a5 6. Bg2 O-O 7. O-O dxc4 8. Qc2 Bxd2 9. Nbxd2 b5 10. a4 c6 11. Ne5 Ra6 12. e3 Nd5 13. b3 c3 14. Ne4 f6 15. Nd3 b4 16. Nec5 Ra7 17. Rad1 Qe7 18. e4 Nb6 19. e5 f5 20. Rfe1 Nd5 21. h4 Nd7 22. Nxd7 Bxd7 23. Nc5 Be8 24. Qe2 h6 25. f4 g5 26. hxg5 hxg5 27. Bxd5 cxd5 28. Kf2 gxf4 29. Rg1 f3 30. Qxf3 Rc7 31. Qe3 Bh5 32. Rdf1 Rxc5 33. dxc5 Rc8 34. Rh1 Bf7 35. Qh6 Qxc5+ 36. Kg2 Be8 37. Qh8+ Kf7 38. Rh7+ Kg6 39. Qg7# 1-0


[Site "https://www.chess.com"]

[Event "Titled Tuesday Blitz June 13 Early 2023"]
[White "Levitan, Caleb Levi"]
[Black "Shimanov, Aleksandr"]
[WhiteFideId "14332620"]
[BlackFideId "4198603"]
[WhiteElo "1963"]
[BlackElo "2631"]
[Result "0-1"]
[Round "9"]
[TimeControl "180+2"]
[Date "2023.06.13"]
[WhiteClock "0:00:00"]
[BlackClock "0:02:09"]
[Board "78"]

1. e4 f6 2. d4 Kf7 3. Nc3 e6 4. f4 Bb4 5. Nf3 Ne7 6. Bd3 Rf8 7. e5 f5 8. O-O Bxc3 9. bxc3 Kg8 10. c4 b6 11. d5 Bb7 12. d6 Ng6 13. dxc7 Qxc7 14. Ba3 Re8 15. Bd6 Qd8 16. Ng5 h6 17. Qh5 Nh8 18. Nf3 Nf7 19. Nd4 Nxd6 20. exd6 Rf8 21. g4 Qf6 22. c3 fxg4 23. Qxg4 Na6 24. f5 e5 25. Nb3 Qxd6 26. Rad1 Qf6 27. Be4 Bxe4 28. Qxe4 Rad8 29. Kh1 d6 30. Qd5+ Rf7 31. Nd2 Nc5 32. Ne4 Nxe4 33. Qxe4 Kh8 34. Rd5 Qe7 35. a4 Rdf8 36. a5 bxa5 37. Rxa5 Qg5 38. Rd5 Rxf5 39. Rg1 Rf1 0-1


[Site "https://www.chess.com"]

[Event "Titled Tuesday Blitz June 13 Early 2023"]
[White "Postny, Evgeny"]
[Black "cristianserban1"]
[WhiteFideId "2804344"]
[WhiteElo "2504"]
[BlackElo "2514"]
[Result "1-0"]
[Round "9"]
[TimeControl "180+2"]
[Date "2023.06.13"]
[WhiteClock "0:02:19"]
[BlackClock "0:01:56"]
[Board "79"]

1. e4 g6 2. d4 Bg7 3. Nc3 a6 4. Nf3 c6 5. h4 h5 6. Bg5 d5 7. Bd3 Bg4 8. Qe2 Qa5 9. O-O-O e6 10. Kb1 Bxd4 11. exd5 Bxc3 12. dxe6 Bxe6 13. Bc4 Qb4 14. Rd8# 1-0


[Site "https://www.chess.com"]

[Event "Titled Tuesday Blitz June 13 Early 2023"]
[White "benny_aizenberg"]
[Black "Horak, Martin"]
[BlackFideId "367095"]
[WhiteElo "2686"]
[BlackElo "2091"]
[Result "1-0"]
[Round "9"]
[TimeControl "180+2"]
[Date "2023.06.13"]
[WhiteClock "0:00:57"]
[BlackClock "0:00:13"]
[Board "80"]

1. g4 d5 2. g5 e5 3. h4 Nc6 4. d3 h6 5. Bg2 hxg5 6. hxg5 Rxh1 7. Bxh1 Be6 8. Nc3 Be7 9. Nf3 Bb4 10. Bd2 Qd7 11. a3 Bxc3 12. Bxc3 d4 13. Bd2 O-O-O 14. c4 Nge7 15. Qc2 Ng6 16. b4 Rh8 17. O-O-O Nce7 18. b5 Kb8 19. a4 c5 20. bxc6 Nxc6 21. Kb2 Nf4 22. Nxe5 Nxe5 23. Bxf4 f6 24. gxf6 gxf6 25. Be4 Bf5 26. Bd5 Be6 27. Rh1 Rxh1 28. Bxh1 Qd6 29. Qb3 Bc8 30. Bg3 f5 31. Qb5 f4 32. Bh4 f3 33. Bg3 fxe2 34. Bxe5 1-0


[Site "https://www.chess.com"]

[Event "Titled Tuesday Blitz June 13 Early 2023"]
[White "Sadykov, Ramil"]
[Black "Ai, Evan"]
[WhiteFideId "24113590"]
[BlackFideId "2094770"]
[WhiteElo "2245"]
[BlackElo "1963"]
[Result "1-0"]
[Round "9"]
[TimeControl "180+2"]
[Date "2023.06.13"]
[WhiteClock "0:00:13"]
[BlackClock "0:01:11"]
[Board "81"]

1. d4 Nf6 2. Nc3 d5 3. Bf4 Bf5 4. e3 c6 5. Nf3 Nbd7 6. Ne5 Nxe5 7. Bxe5 Nd7 8. Bg3 f6 9. Bd3 Bxd3 10. Qxd3 e5 11. dxe5 fxe5 12. O-O-O Qf6 13. Nxd5 cxd5 14. Qxd5 Qc6 15. Bxe5 Qxd5 16. Rxd5 Nxe5 17. Rxe5+ Be7 18. f4 Kf7 19. Rd1 Rhd8 20. c3 Rxd1+ 21. Kxd1 Rd8+ 22. Ke2 Rd6 23. e4 Rb6 24. b3 Bf6 25. Rc5 Rc6 26. Rxc6 bxc6 27. e5 Be7 28. Kd3 Ke6 29. Ke4 g6 30. g4 Bc5 31. b4 Bb6 32. a4 a5 33. f5+ gxf5+ 34. gxf5+ Ke7 35. h3 h6 36. Kf4 Bc7 37. Ke4 Bb6 38. Kd3 Bc7 39. Kd4 Bb6+ 40. Kc4 Bc7 41. Kc5 Bxe5 42. bxa5 Bxc3 43. a6 Be1 44. Kxc6 Bf2 45. Kb7 Kf6 46. a7 Kxf5 47. a8=Q 1-0


[Site "https://www.chess.com"]

[Event "Titled Tuesday Blitz June 13 Early 2023"]
[White "Bagwe Gaurang"]
[Black "Altman, Joshua"]
[WhiteFideId "45039895"]
[BlackFideId "426210"]
[WhiteElo "1847"]
[BlackElo "2028"]
[Result "1-0"]
[Round "9"]
[TimeControl "180+2"]
[Date "2023.06.13"]
[WhiteClock "0:00:34"]
[BlackClock "0:00:08"]
[Board "83"]

1. e4 e6 2. d4 d5 3. e5 c5 4. c3 Nc6 5. Nf3 Qb6 6. a3 c4 7. Nbd2 Na5 8. Rb1 Bd7 9. h4 Qc7 10. h5 h6 11. Be2 Ne7 12. Nf1 Nc8 13. Ne3 Nb6 14. O-O Be7 15. Qe1 Ba4 16. Bd1 Qd7 17. Nd2 O-O-O 18. b3 cxb3 19. Nxb3 Nxb3 20. Bxb3 Bb5 21. c4 dxc4 22. Bd1 Bc6 23. Be2 Qxd4 24. Qa5 Qe4 25. Bd2 Kb8 26. Bf3 Qd4 27. Bc3 Qc5 28. Qxc5 Bxc5 29. Bxc6 bxc6 30. Nxc4 Kc7 31. Nd6 Bxd6 32. exd6+ Kxd6 33. Bxg7 Rh7 34. Rfd1+ Nd5 35. Bf6 Rg8 36. Rb7 Kc5 37. Bd4+ Kd6 38. Rxa7 Rg4 39. f3 Rg5 40. a4 e5 41. Be3 Rg3 42. Kf2 Rhg7 43. Rg1 Nxe3 44. Kxe3 Rxg2 45. Rxg2 Rxg2 46. Rxf7 Ke6 47. Rh7 Ra2 48. Rxh6+ Kd5 49. Rh8 Rxa4 50. h6 Rh4 51. h7 Kc5 52. Kd3 Rh3 53. Ke4 Kc4 54. Kxe5 c5 55. f4 Kc3 56. f5 c4 57. f6 Re3+ 58. Kf4 Rh3 59. f7 Kc2 60. f8=Q c3 61. Qa3 Kd1 62. Rd8+ Ke2 63. h8=Q Rf3+ 64. Kg4 c2 65. Qh2+ Rf2 66. Rd2+ Kxd2 67. Qxf2+ Kd1 68. Qd3+ Kc1 69. Qdxc2# 1-0


[Site "https://www.chess.com"]

[Event "Titled Tuesday Blitz June 13 Early 2023"]
[White "Iskusnyh, Sergei"]
[Black "Sharapov, Evgeny"]
[WhiteFideId "4120027"]
[BlackFideId "14103133"]
[WhiteElo "2492"]
[BlackElo "2367"]
[Result "1-0"]
[Round "9"]
[TimeControl "180+2"]
[Date "2023.06.13"]
[WhiteClock "0:00:22"]
[BlackClock "0:00:21"]
[Board "84"]

1. d4 Nf6 2. c4 e6 3. g3 Bb4+ 4. Bd2 Qe7 5. Bg2 O-O 6. e3 Bxd2+ 7. Nxd2 d6 8. Ne2 e5 9. O-O Nc6 10. d5 Nb8 11. Qc2 a5 12. Nc3 Nbd7 13. a3 Nb6 14. b4 Bd7 15. Qb3 Rfc8 16. Rfd1 Qf8 17. h3 axb4 18. axb4 Rxa1 19. Rxa1 Ra8 20. Ra5 Qb8 21. g4 Rxa5 22. bxa5 Nc8 23. Qb4 h6 24. c5 dxc5 25. Qxc5 Nd6 26. Nc4 Nxc4 27. Qxc4 Ne8 28. Qe4 c6 29. a6 bxa6 30. dxc6 Be6 31. Qd3 Nc7 32. Qd6 f6 33. Ne4 a5 34. Nc5 Bf7 35. Be4 Qb6 36. Qd8+ Ne8 37. Qxb6 1-0


[Site "https://www.chess.com"]

[Event "Titled Tuesday Blitz June 13 Early 2023"]
[White "Khamdamova, Afruza"]
[Black "robertoalejandro10"]
[WhiteFideId "14210444"]
[WhiteElo "2312"]
[BlackElo "2595"]
[Result "0-1"]
[Round "9"]
[TimeControl "180+2"]
[Date "2023.06.13"]
[WhiteClock "0:00:08"]
[BlackClock "0:00:54"]
[Board "85"]

1. e4 c5 2. Nf3 g6 3. c3 d5 4. exd5 Qxd5 5. d4 Bg7 6. Be2 cxd4 7. Nxd4 Qxg2 8. Bf3 Qh3 9. Bf4 Nf6 10. Nd2 O-O 11. Qe2 e5 12. Bxe5 Re8 13. O-O-O Nbd7 14. Nc4 Nxe5 15. Nxe5 Nd7 16. Rhe1 Nxe5 17. Bd5 Bg4 18. f3 Bf5 19. Nxf5 Qxf5 20. Bxb7 Rab8 21. Be4 Qe6 22. Kb1 Nc4 23. b3 Nd6 24. Qc2 Nxe4 25. Rxe4 Qf6 26. Rde1 Rxe4 27. Rxe4 Qxc3 28. Qxc3 Bxc3 29. Kc2 Bf6 30. Rc4 Rb7 31. Rc8+ Kg7 32. Kd3 Rd7+ 33. Kc4 Rd2 34. a4 Rc2+ 0-1


[Site "https://www.chess.com"]

[Event "Titled Tuesday Blitz June 13 Early 2023"]
[White "Zaitsev, Alexander"]
[Black "Spata, German"]
[WhiteFideId "4164490"]
[BlackFideId "113026"]
[WhiteElo "2373"]
[BlackElo "2260"]
[Result "0-1"]
[Round "9"]
[TimeControl "180+2"]
[Date "2023.06.13"]
[WhiteClock "0:00:00"]
[BlackClock "0:00:57"]
[Board "86"]

1. e4 e6 2. d4 d5 3. exd5 exd5 4. Nf3 Nf6 5. Bd3 Be7 6. O-O Bg4 7. Re1 O-O 8. h3 Bh5 9. c4 dxc4 10. Bxc4 c6 11. g4 Bg6 12. Ne5 Nbd7 13. Nc3 Nb6 14. Bb3 Nfd5 15. f4 h6 16. Nxg6 fxg6 17. Qd3 Bd6 18. Qxg6 Qh4 19. Re3 Bxf4 20. Rf3 Bh2+ 0-1


[Site "https://www.chess.com"]

[Event "Titled Tuesday Blitz June 13 Early 2023"]
[White "Deng, Henry"]
[Black "Palczert, Matyas"]
[WhiteFideId "30965454"]
[BlackFideId "784958"]
[WhiteElo "2568"]
[BlackElo "2224"]
[Result "0-1"]
[Round "9"]
[TimeControl "180+2"]
[Date "2023.06.13"]
[WhiteClock "0:00:15"]
[BlackClock "0:00:10"]
[Board "87"]

1. e4 c5 2. Nc3 d6 3. Bb5+ Bd7 4. Bxd7+ Qxd7 5. d4 cxd4 6. Qxd4 Nc6 7. Qd3 Nf6 8. Nf3 g6 9. O-O Bg7 10. Nd5 O-O 11. Bg5 Nxd5 12. exd5 Nb4 13. Qb3 a5 14. c3 Nd3 15. Qc2 Nc5 16. Rfe1 Rfe8 17. Re2 h6 18. Be3 Rac8 19. Rae1 b5 20. Bd4 b4 21. Bxg7 Kxg7 22. cxb4 axb4 23. Qd2 b3 24. axb3 Nxb3 25. Qd3 Qb7 26. Re3 Rb8 27. Qc3+ Kg8 28. h4 Nc5 29. R1e2 Qxd5 30. Rxe7 Rxe7 31. Rxe7 Ne6 32. Qf6 Ng7 33. Rd7 Nf5 34. h5 gxh5 35. Kh2 Qe6 36. Rd8+ Rxd8 37. Qxd8+ Kg7 38. Qa5 d5 39. Qc3+ d4 40. Qd3 Qd6+ 41. g3 Kf6 42. Kg2 Qd5 43. Kg1 Qc5 44. Nd2 Qc1+ 45. Kg2 Qc6+ 46. Ne4+ Ke5 47. f3 Ne3+ 48. Kh2 Qc2+ 49. Qxc2 Nxc2 50. Kg2 d3 51. Kf2 Kd4 52. Nd2 Nb4 53. Ke1 Ke3 54. f4 Nc2+ 55. Kd1 Kd4 56. Kc1 Ke3 57. Nc4+ Ke2 58. Nd2 Nb4 59. b3 f5 60. Nc4 Kf2 61. Kd2 Kxg3 62. Ne5 h4 63. Nxd3 Nxd3 64. Kxd3 h3 65. b4 h2 66. b5 h1=Q 67. b6 Qb1+ 0-1


[Site "https://www.chess.com"]

[Event "Titled Tuesday Blitz June 13 Early 2023"]
[White "Bueno, Alfeu Junior Varela"]
[Black "Shukhman, Anna"]
[WhiteFideId "2108879"]
[BlackFideId "54180058"]
[WhiteElo "2175"]
[BlackElo "2235"]
[Result "0-1"]
[Round "9"]
[TimeControl "180+2"]
[Date "2023.06.13"]
[WhiteClock "0:00:36"]
[BlackClock "0:02:04"]
[Board "88"]

1. e4 c5 2. Nc3 e6 3. f4 d5 4. Nf3 d4 5. Nb1 Nc6 6. Bb5 Bd7 7. d3 Qa5+ 8. Nbd2 Qxb5 9. Nc4 Qa6 10. f5 b5 11. fxe6 Bxe6 12. Ncd2 Nf6 13. O-O Ng4 14. Ng5 Ne3 15. Nxe6 fxe6 16. Qh5+ g6 17. Qh3 Nxf1 18. Qxe6+ Be7 19. Nxf1 Nb4 20. Qe5 Qf6 21. Qc7 O-O 22. Bh6 Qf2+ 23. Kh1 Qxf1+ 24. Rxf1 Rxf1# 0-1


[Site "https://www.chess.com"]

[Event "Titled Tuesday Blitz June 13 Early 2023"]
[White "Vovk, Orest"]
[Black "Mogirzan, Matei-Valeriu"]
[WhiteFideId "14113490"]
[BlackFideId "1257455"]
[WhiteElo "2215"]
[BlackElo "1733"]
[Result "1-0"]
[Round "9"]
[TimeControl "180+2"]
[Date "2023.06.13"]
[WhiteClock "0:00:19"]
[BlackClock "0:00:00"]
[Board "89"]

1. g4 e5 2. Bg2 Bc5 3. d3 Nc6 4. h3 d5 5. c4 dxc4 6. Bxc6+ bxc6 7. Qa4 Qd5 8. Nf3 cxd3 9. Nc3 Qe6 10. Ng5 Qd7 11. Nge4 Bb6 12. Be3 h5 13. O-O-O hxg4 14. Rxd3 Qe6 15. Nd6+ Kf8 16. Qa3 Ne7 17. Nde4 Bb7 18. Rhd1 f6 19. hxg4 Kf7 20. Nc5 Bxc5 21. Bxc5 Nd5 22. e4 Nb6 23. f3 Rh2 24. Bxb6 axb6 25. Rd7+ Kg6 26. Qe7 Qxe7 27. Rxe7 Rc8 28. Rdd7 Rh1+ 29. Kc2 Kg5 30. Ne2 Rh2 31. Rxg7+ Kh6 32. Rh7+ 1-0


[Site "https://www.chess.com"]

[Event "Titled Tuesday Blitz June 13 Early 2023"]
[White "De La Villa Garcia, Jesus Maria"]
[Black "Gavrilov, Maxim"]
[WhiteFideId "2200040"]
[BlackFideId "24271454"]
[WhiteElo "2445"]
[BlackElo "1969"]
[Result "1-0"]
[Round "9"]
[TimeControl "180+2"]
[Date "2023.06.13"]
[WhiteClock "0:02:03"]
[BlackClock "0:02:10"]
[Board "90"]

1. c4 c6 2. d4 d5 3. cxd5 cxd5 4. Bf4 Nc6 5. e3 Nf6 6. Nc3 Bg4 7. Qb3 Na5 8. Qa4+ Bd7 9. Qc2 Rc8 10. Bd3 Nc6 11. a3 e6 12. Nf3 Be7 13. h3 O-O 14. O-O h6 15. Rfc1 Na5 16. Ne5 a6 17. Qe2 Nb3 18. g4 b5 19. Rcb1 Nxa1 20. Rxa1 Bc6 21. h4 Bb7 22. g5 hxg5 23. hxg5 Ne4 24. Bxe4 dxe4 25. Qh5 f6 26. g6 1-0


[Site "https://www.chess.com"]

[Event "Titled Tuesday Blitz June 13 Early 2023"]
[White "FunnyDuck66"]
[Black "Lehtosaari, Mauri"]
[BlackFideId "501999"]
[WhiteElo "2447"]
[BlackElo "2552"]
[Result "1-0"]
[Round "9"]
[TimeControl "180+2"]
[Date "2023.06.13"]
[WhiteClock "0:00:12"]
[BlackClock "0:00:00"]
[Board "91"]

1. d4 d5 2. c4 c6 3. cxd5 cxd5 4. Bf4 Nc6 5. e3 Nf6 6. Bd3 Bg4 7. Ne2 e6 8. Nbc3 Bd6 9. Bxd6 Qxd6 10. O-O O-O 11. a3 Rac8 12. Rc1 a6 13. Na4 e5 14. Qd2 exd4 15. exd4 Ne4 16. Bxe4 dxe4 17. d5 Bxe2 18. Qxe2 Qxd5 19. Nb6 Nd4 20. Qg4 Qe6 21. Qxe6 Ne2+ 22. Kh1 Rxc1 23. Rxc1 fxe6 24. Rf1 e3 25. f3 Nd4 26. Re1 e2 27. Kg1 Rd8 28. Kf2 Rd6 29. Na4 e5 30. Nc3 b5 31. Nxe2 Rc6 32. Nc3 Re6 33. f4 Nc6 34. fxe5 Rxe5 35. Rd1 Rf5+ 36. Ke3 Rf6 37. Rd8+ Kf7 38. Rd7+ Kg6 39. Ne4 Re6 40. Kf4 Ne5 41. Rd5 Nf7 42. h4 h6 43. h5+ Kh7 44. Rd7 Ne5 45. Ra7 Nd3+ 46. Kf3 Nxb2 47. Nc5 Rf6+ 48. Ke4 Nc4 49. Nxa6 Nxa3 50. Nb4 Nc4 51. Nd5 Re6+ 52. Kf4 Rd6 53. Ne7 b4 54. Nf5 1-0


[Site "https://www.chess.com"]

[Event "Titled Tuesday Blitz June 13 Early 2023"]
[White "Szyszylo, Rafal"]
[Black "Parondo, Rolly"]
[WhiteFideId "1109626"]
[BlackFideId "5217407"]
[WhiteElo "1951"]
[BlackElo "2141"]
[Result "0-1"]
[Round "9"]
[TimeControl "180+2"]
[Date "2023.06.13"]
[WhiteClock "0:01:36"]
[BlackClock "0:02:05"]
[Board "92"]

1. e4 c5 2. Nc3 e6 3. Nf3 a6 4. d4 cxd4 5. Nxd4 Qc7 6. Bd3 b5 7. O-O Bb7 8. Kh1 Nc6 9. Nxc6 Qxc6 10. a4 b4 11. Na2 Nf6 12. Nxb4 Bxb4 13. Bg5 Nxe4 14. Bxe4 Qxe4 15. f3 Qd5 16. Qxd5 Bxd5 17. b3 Bc3 18. Rad1 Rc8 19. Bd2 Bxd2 20. Rxd2 Rc3 21. Re1 O-O 22. Ree2 Rfc8 23. Kg1 g5 24. Kf2 Kg7 25. Ke1 h5 26. Kd1 Kg6 27. Kc1 Bxb3 28. Kb2 Bxa4 0-1


[Site "https://www.chess.com"]

[Event "Titled Tuesday Blitz June 13 Early 2023"]
[White "Venkatesh, M.R."]
[Black "Matveeva, Olga"]
[WhiteFideId "5005779"]
[BlackFideId "24107018"]
[WhiteElo "2450"]
[BlackElo "2009"]
[Result "1-0"]
[Round "9"]
[TimeControl "180+2"]
[Date "2023.06.13"]
[WhiteClock "0:01:02"]
[BlackClock "0:00:30"]
[Board "93"]

1. e4 e6 2. d4 d5 3. Nd2 c5 4. Ngf3 cxd4 5. Nxd4 Nc6 6. Bb5 Bd7 7. Nxc6 bxc6 8. Bd3 Bd6 9. Qe2 e5 10. exd5 cxd5 11. c4 d4 12. Ne4 Bc7 13. O-O Ne7 14. Bg5 h6 15. Bh4 O-O 16. Nf6+ Kh8 17. Nd5 g5 18. Qh5 Nf5 19. Bxf5 Bxf5 20. Qxh6+ Bh7 21. Nf6 1-0


[Site "https://www.chess.com"]

[Event "Titled Tuesday Blitz June 13 Early 2023"]
[White "Omelja, Artem"]
[Black "Miller, Luke C"]
[WhiteFideId "14119846"]
[BlackFideId "2096935"]
[WhiteElo "2404"]
[BlackElo "1836"]
[Result "1-0"]
[Round "9"]
[TimeControl "180+2"]
[Date "2023.06.13"]
[WhiteClock "0:00:13"]
[BlackClock "0:00:00"]
[Board "94"]

1. e4 c5 2. Nf3 d6 3. Bb5+ Nd7 4. d4 cxd4 5. Qxd4 Nf6 6. Bg5 a6 7. Bxd7+ Bxd7 8. c4 Rc8 9. Nc3 b5 10. cxb5 axb5 11. Bxf6 gxf6 12. O-O Bg7 13. Nd5 O-O 14. Rac1 f5 15. Rxc8 Bxc8 16. Qa7 fxe4 17. Nxe7+ Kh8 18. Nd2 Bd7 19. Nd5 Bc6 20. Nc3 f5 21. Rd1 b4 22. Ne2 Bxb2 23. Nc4 Bg7 24. Rxd6 Qe8 25. Nf4 Bb5 26. Ne6 Rf7 27. Qc5 Bxc4 28. Qxc4 Rd7 29. Qc6 Qxe6 30. Qxd7 Qxd7 31. Rxd7 Bc3 32. Rf7 1-0


[Site "https://www.chess.com"]